AoeStats
← TIMVP

Nomad

508733827Analyzed
3v3 RM · 8d ago on Sep 23, 2026· 100m 24s· 6 players
Game mode
Random Map
Map size
210×210
Population
200
Speed
Normal
Resources
Standard
Victory
Conquest
Starting age
Dark Age
Ending age
Imperial Age
RankedLock teamsTeams togetherTeam positionsShared explorationLock speedFull tech treeHidden civsTurbo modeCheats
Victory
Defeat
🇵🇪 Romans · Peru
723
+14
🇵🇪 Aztecs · Peru
713
+14
🇨🇱 Koreans · Chile
663
+16
🇪🇸 Ethiopians · Spain
718
-16
🇬🇬 Saxons · Guernsey
651
-14
🇺🇸 Byzantines · United States
646
-14
TIMVP
4:46 Loom
14:52 Feudal Age
15:29 Double-Bit Axe
16:21 Wheelbarrow
15:46 Fishing Lines
22:03 Castle Age
21:18 Stone Mining
24:33 Man-at-Arms
28:16 Scale Mail Armor
29:16 Hand Cart
29:23 Gillnets
31:07 Horse Collar
36:48 Imperial Age
34:00 Long Swordsman
36:07 Gold Mining
38:12 Legionary
40:36 Ballistas
42:52 Chain Mail Armor
42:48 Forging
46:17 Iron Casting
45:48 Scale Barding Armor
46:18 Heavy Scorpion
46:58 Elite Centurion
48:42 Blast Furnace
49:17 Chemistry
48:38 Ballistics
50:21 Chain Barding Armor
51:41 Bloodlines
51:31 Husbandry
50:53 Light Cavalry
56:43 Plate Barding Armor
78:53 Fortified Wall
78:34 Guard Tower
79:04 Shipwright
78:55 Clinker Construction
78:56 Careening
78:42 Murder Holes
78:52 Siege Engineers
78:57 Masonry
79:40 Comitatenses
79:44 Conscription
81:10 Devotion
81:19 Atonement
81:30 Fervor
81:16 Herbal Medicine
81:33 Redemption
81:48 Illumination
81:39 Block Printing
84:22 Faith
85:01 Keep
84:47 Carvel Hull
A†ilA
17:45 Feudal Age
18:07 Fishing Lines
18:32 Double-Bit Axe
21:45 Wheelbarrow
25:25 Castle Age
32:11 Hand Cart
32:57 Forging
32:47 Scale Mail Armor
33:49 Gold Mining
41:42 Bow Saw
41:33 Gillnets
42:41 Gold Shaft Mining
45:31 Imperial Age
53:44 Elite Jaguar Warrior
54:56 Conscription
59:09 Capped Ram
60:02 Atlatl
59:26 Elite Skirmisher
60:50 Siege Ram
Takhyom
8:06 Loom
15:08 Feudal Age
16:14 Double-Bit Axe
16:11 Horse Collar
25:56 Castle Age
24:30 Forging
26:23 Stone Mining
26:25 Gold Mining
26:49 Scale Barding Armor
28:24 Light Cavalry
29:05 Husbandry
29:34 Bow Saw
29:58 Heavy Plow
31:54 Wheelbarrow
32:59 Hand Cart
37:44 Imperial Age
36:26 Town Watch
38:02 Crossbowman
39:58 Two-Man Saw
39:47 Fletching
41:21 Thumb Ring
40:47 Arbalester
41:25 Bodkin Arrow
43:35 Bracer
45:26 Coinage
45:15 Town Patrol
45:40 Scale Mail Armor
49:11 Chain Mail Armor
49:58 Gold Shaft Mining
50:00 Stone Shaft Mining
50:26 Elite Skirmisher
51:26 Eupseong
51:48 Conscription
51:38 Hussar
54:32 Chain Barding Armor
54:48 Iron Casting
57:20 Plate Mail Armor
69:00 Cavalier
70:27 Elite War Wagon
72:26 Banking
72:06 Guilds
71:57 Caravan
72:37 Ballistics
73:17 Chemistry
72:08 Heated Shot
72:24 Siphons
72:00 Treadmill Crane
72:30 Masonry
72:16 Murder Holes
74:19 Fortified Wall
75:17 Shinkichon
75:19 Fervor
75:30 Sanctity
75:10 Devotion
75:26 Block Printing
78:36 Architecture
78:11 Siege Engineers
78:54 Careening
78:30 Arrowslits
78:57 Clinker Construction
78:20 Heavy Cavalry Archer
78:27 Man-at-Arms
78:29 Pikeman
79:10 Squires
78:37 Elite Fire Lancer
79:03 Arson
81:20 Medium Warships
80:30 Elite Turtle Ship
80:31 Elite Cannon Galleon
80:52 Fishing Lines
81:37 Incendiaries
81:50 Shipwright
83:47 Heavy Warships
84:44 Gillnets
86:05 Faith
85:26 Capped Ram
90:13 Halberdier
90:16 Long Swordsman
91:22 Dry Dock
91:24 Carvel Hull
91:45 Theocracy
91:06 Herbal Medicine
92:53 Spies/Treason
Cpt. Awesome
5:19 Loom
18:17 Feudal Age
18:49 Horse Collar
18:54 Fishing Lines
19:38 Double-Bit Axe
20:38 Wheelbarrow
20:32 Stone Mining
21:26 Gold Mining
24:34 Arson
27:30 Castle Age
26:05 Scale Mail Armor
26:15 Forging
25:58 Fletching
26:26 Scale Barding Armor
26:22 Padded Archer Armor
28:36 Bow Saw
29:02 Gillnets
29:34 Squires
29:38 Bodkin Arrow
30:11 Chain Barding Armor
30:47 Husbandry
32:28 Medium Warships
34:04 Iron Casting
37:31 Stone Shaft Mining
37:14 Treadmill Crane
37:45 Clinker Construction
38:16 Ballistics
41:05 Fervor
41:27 Murder Holes
42:28 Heavy Plow
43:16 Gold Shaft Mining
42:30 Pikeman
45:02 Hand Cart
45:49 Gambesons
46:11 Pikeman
49:03 Sanctity
49:33 Siphons
50:54 Chain Mail Armor
54:04 Imperial Age
52:19 Leather Archer Armor
52:35 Thumb Ring
56:03 Chemistry
55:10 Onager
56:42 Conscription
56:13 Heavy Camel Rider
57:35 Hoardings
57:24 Elite Cataphract
62:36 Plate Barding Armor
63:18 Heavy Warships
64:01 Logistica
65:32 Carvel Hull
65:57 Halberdier
89:08 Two-Man Saw
Xengue
4:10 Loom
16:42 Feudal Age
17:50 Town Watch
19:13 Wheelbarrow
19:54 Double-Bit Axe
20:36 Fishing Lines
20:53 Gold Mining
23:38 Castle Age
22:28 Fletching
23:29 Horse Collar
24:35 Bow Saw
29:53 Elite Skirmisher
30:54 Forging
30:55 Squires
31:37 Hand Cart
31:46 Hand Cart
32:34 Bodkin Arrow
33:26 Sanctity
33:18 Fervor
35:16 Iron Casting
35:06 Gillnets
35:00 Demolition Ship
36:16 Crossbowman
38:18 Medium Warships
38:02 Arson
39:56 Ballistics
43:22 Imperial Age
44:15 Murder Holes
46:44 Conscription
46:27 Royal Heirs
47:28 Arbalester
48:15 Thumb Ring
66:49 Halberdier
73:11 Blast Furnace
72:13 Scale Mail Armor
Aethelwulf
6:17 Loom
14:24 Feudal Age
14:51 Horse Collar
14:57 Double-Bit Axe
19:58 Wheelbarrow
24:45 Castle Age
23:16 Town Watch
25:58 Heavy Plow
26:09 Bow Saw
26:35 Scale Mail Armor
26:46 Forging
28:10 Chain Mail Armor
27:46 Arson
28:03 Squires
27:52 Gambesons
28:07 Gambesons
28:22 Gold Mining
33:51 Iron Casting
33:47 Stone Mining
34:33 Gold Shaft Mining
33:34 Clerical Recruitment
39:43 Imperial Age
37:31 Redemption
37:43 Sanctity
41:19 Fletching
41:29 Padded Archer Armor
41:48 Heavy Mounted Crossbowman
41:50 Cranequins
42:46 Thumb Ring
43:18 Leather Archer Armor
43:00 Bodkin Arrow
43:39 Conscription
44:15 Ballistics
44:56 Chemistry
45:59 Block Printing
49:21 Illumination
51:05 Shield Wall
51:08 Elite Hearth Troop
54:05 Bracer
54:35 Ring Archer Armor
54:38 Plate Mail Armor
55:03 Theocracy
59:35 Scale Barding Armor
62:12 Two-Man Saw
63:02 Husbandry
62:24 Cavalier
63:17 Bloodlines
62:30 Light Cavalry
65:46 Hussar
67:25 Chain Barding Armor
Connection lost

Rejoining the realm…

Still unreachable

The connection could not be restored.

Session expired

The server has moved on; the page needs a fresh start.